General information
- name: BNet
- type: Ladder team game (AT/RT)
- host: Battle.net
- saver: NatureBoyFlair
map: DragonFalls
- players: 8
- length: 29:43
- speed: Fast
- version: 1.27 W3XP
- replay type: Public
» download(199 KB)
Players
team 1 (winner)
deLonTewEst (
red | 54 APM | 1236 actions | 22:47)
4 Death Knight
2 Death Coil
2 Unholy Aura
2 Lich
1 Frost Nova
1 Frost Armor
2 Crypt Lord
1 Impale
1 Spiked Carapace
» actions
| Assign group hotkey | 16 | |
| Basic commands | 105 | |
| Build / train | 101 | |
| ESC pressed | 6 | |
| Enter build submenu | 22 | |
| Enter hero's abilities submenu | 8 | |
| Give item / drop item | 7 | |
| Right click | 457 | |
| Select / deselect | 252 | |
| Select group hotkey | 159 | |
| Use ability | 103 | |
1236 total
» units
| Acolyte | 15 | |
| Ghoul | 4 | |
| Crypt Fiend | 8 | |
| Obsidian Statue | 2 | |
| Frost Wyrm | 5 | |
34 total
» upgrades
| Web | 1 | |
| Creature Attack | 3 | |
| Creature Carapace | 2 | |
| Burrow | 1 | |
| Ghoul Frenzy | 1 | |
| Freezing Breath | 1 | |
| Backpack | 1 | |
10 total
» buildings
| Graveyard | 2 | |
| Crypt | 1 | |
| Ziggurat | 11 | |
| Altar of Darkness | 1 | |
| Tomb of Relics | 1 | |
| Nerubian Tower | 6 | |
| Halls of the Dead | 2 | |
| Necropolis | 1 | |
| Spirit Tower | 7 | |
| Black Citadel | 2 | |
| Slaughterhouse | 3 | |
| Sacrificial Pit | 1 | |
| Boneyard | 4 | |
42 total
» build order
00:12 Graveyard
00:15 Crypt
00:20 Graveyard
00:41 Ziggurat
01:00 Altar of Darkness
01:59 Ziggurat
02:03 Tomb of Relics
02:36 Nerubian Tower
02:36 Nerubian Tower
03:47 Ziggurat
06:19 Halls of the Dead
06:20 Halls of the Dead
06:37 Necropolis
07:31 Ziggurat
07:32 Ziggurat
07:33 Ziggurat
07:34 Ziggurat
08:35 Nerubian Tower
08:37 Spirit Tower
08:39 Spirit Tower
08:39 Spirit Tower
08:54 Black Citadel
09:01 Slaughterhouse
09:19 Slaughterhouse
10:00 Sacrificial Pit
10:43 Slaughterhouse
11:34 Boneyard
11:35 Boneyard
11:37 Boneyard
12:16 Boneyard
16:25 Ziggurat
16:26 Ziggurat
16:27 Ziggurat
16:28 Ziggurat
20:07 Nerubian Tower
20:07 Nerubian Tower
20:09 Spirit Tower
21:10 Spirit Tower
» items
| Rod of Necromancy | 3 | |
| Scroll of Town Portal | 6 | |
| Orb of Corruption | 1 | |
| Scroll of Healing | 3 | |
| Potion of Mana | 1 | |
14 total
MightierThanYou (
blue | 106 APM | 3103 actions | 29:18)
8 Blademaster
3 Wind Walk
3 Critical Strike
1 Bladestorm
1 Mirror Image
» actions
| Assign group hotkey | 117 | |
| Basic commands | 18 | |
| Build / train | 117 | |
| Enter build submenu | 45 | |
| Enter hero's abilities submenu | 8 | |
| Give item / drop item | 3 | |
| Right click | 1515 | |
| Select / deselect | 317 | |
| Select group hotkey | 677 | |
| Use ability | 286 | |
3103 total
» units
| Peon | 13 | |
| Grunt | 5 | |
| Goblin Shredder | 4 | |
| Wind Rider | 9 | |
| Troll Batrider | 3 | |
| Goblin Zeppelin | 2 | |
36 total
» upgrades
| Berserker Strength | 1 | |
| Melee Weapons | 1 | |
| Armor | 3 | |
| Reinforced Defenses | 1 | |
| Pillage | 1 | |
| Ranged Weapons | 3 | |
| Envenomed Spears | 1 | |
| Backpack | 1 | |
12 total
» buildings
| Orc Burrow | 5 | |
| Barracks | 1 | |
| Altar of Storms | 1 | |
| Voodoo Lounge | 1 | |
| Stronghold | 2 | |
| War Mill | 1 | |
| Fortress | 2 | |
| Watch Tower | 27 | |
| Beastiary | 2 | |
| Great Hall | 2 | |
| Nerubian Tower | 5 | |
49 total
» build order
00:10 Orc Burrow
01:09 Barracks
01:23 Altar of Storms
01:46 Orc Burrow
01:53 Voodoo Lounge
02:30 Orc Burrow
05:47 Stronghold
05:47 Stronghold
06:03 War Mill
08:44 Fortress
09:15 Watch Tower
09:16 Watch Tower
10:26 Watch Tower
11:02 Orc Burrow
11:04 Orc Burrow
11:07 Watch Tower
12:41 Watch Tower
12:42 Watch Tower
12:43 Watch Tower
12:53 Watch Tower
12:55 Watch Tower
13:22 Beastiary
17:38 Great Hall
18:00 Beastiary
18:44 Watch Tower
18:45 Watch Tower
19:30 Watch Tower
19:39 Watch Tower
20:11 Watch Tower
20:22 Watch Tower
21:29 Watch Tower
21:34 Watch Tower
25:36 Nerubian Tower
25:36 Nerubian Tower
25:36 Nerubian Tower
25:37 Nerubian Tower
26:30 Great Hall
26:32 Watch Tower
26:33 Watch Tower
26:34 Watch Tower
26:35 Watch Tower
26:40 Watch Tower
27:19 Watch Tower
27:23 Watch Tower
27:27 Watch Tower
27:36 Watch Tower
28:12 Watch Tower
» items
| Healing Salve | 8 | |
| Lesser Clarity Potion | 7 | |
| Boots of Speed | 1 | |
| Scroll of Town Portal | 4 | |
| Potion of Healing | 7 | |
| Orb of Lightning | 1 | |
| Potion of Mana | 2 | |
| Orb of Venom | 1 | |
31 total
Capn_PhuckYou (
orange | 36 APM | 822 actions | 22:53)
4 Death Knight
2 Death Coil
2 Unholy Aura
3 Lich
2 Frost Nova
1 Dark Ritual
» actions
| Build / train | 47 | |
| Enter build submenu | 25 | |
| Enter hero's abilities submenu | 7 | |
| Give item / drop item | 4 | |
| Right click | 466 | |
| Select / deselect | 224 | |
| Use ability | 49 | |
822 total
» units
| Acolyte | 6 | |
| Ghoul | 6 | |
| Gargoyle | 8 | |
| Crypt Fiend | 2 | |
| Frost Wyrm | 1 | |
23 total
» upgrades
| Creature Attack | 2 | |
| Creature Carapace | 2 | |
| Freezing Breath | 1 | |
5 total
» buildings
| Altar of Darkness | 1 | |
| Crypt | 2 | |
| Ziggurat | 11 | |
| Tomb of Relics | 1 | |
| Halls of the Dead | 1 | |
| Graveyard | 1 | |
| Black Citadel | 1 | |
| Sacrificial Pit | 1 | |
| Spirit Tower | 5 | |
| Boneyard | 4 | |
28 total
» build order
00:27 Altar of Darkness
00:31 Crypt
00:38 Ziggurat
01:17 Tomb of Relics
01:22 Ziggurat
02:15 Ziggurat
02:30 Ziggurat
03:33 Halls of the Dead
03:42 Graveyard
04:33 Crypt
04:36 Ziggurat
04:39 Ziggurat
04:42 Ziggurat
07:51 Ziggurat
08:52 Black Citadel
09:26 Sacrificial Pit
09:44 Spirit Tower
11:22 Boneyard
11:44 Spirit Tower
11:46 Spirit Tower
11:59 Boneyard
12:07 Boneyard
12:10 Boneyard
14:07 Ziggurat
14:13 Ziggurat
14:17 Ziggurat
19:10 Spirit Tower
19:15 Spirit Tower
» items
| Rod of Necromancy | 1 | |
| Scroll of Town Portal | 1 | |
| Dust of Appearance | 1 | |
3 total

»
Switch.Blade (
purple | 57 APM | 1320 actions | 23:11)
3 Priestess of the Moon
2 Trueshot Aura
1 Scout
4 Keeper of the Grove
2 Entangling Roots
2 Force of Nature
» actions
| Assign group hotkey | 53 | |
| Basic commands | 58 | |
| Build / train | 70 | |
| Enter build submenu | 20 | |
| Enter hero's abilities submenu | 7 | |
| Remove unit from queue | 4 | |
| Right click | 379 | |
| Select / deselect | 257 | |
| Select group hotkey | 423 | |
| Use ability | 49 | |
1320 total
» units
| Wisp | 13 | |
| Archer | 1 | |
| Huntress | 7 | |
| Dryad | 7 | |
| Hippogryph | 7 | |
| Druid of the Talon | 4 | |
| Druid of the Claw | 6 | |
45 total
» upgrades
| Strength of the Wild | 2 | |
| Reinforced Hides | 2 | |
| Abolish Magic | 1 | |
| Druid of the Talon Training | 2 | |
| Druid of the Claw Training | 2 | |
| Mark of the Claw | 1 | |
10 total
» buildings
| Altar of Elders | 1 | |
| Ancient of War | 1 | |
| Moon Well | 7 | |
| Hunter's Hall | 1 | |
| Ancient Protector | 3 | |
| Ancient of Wonders | 1 | |
| Tree of Ages | 1 | |
| Ancient of Lore | 1 | |
| Ancient of Wind | 1 | |
| Tree of Eternity | 1 | |
| Tree of Life | 2 | |
20 total
» build order
00:10 Altar of Elders
00:16 Ancient of War
00:24 Moon Well
01:54 Hunter's Hall
02:38 Moon Well
03:14 Ancient Protector
03:54 Ancient of Wonders
04:04 Moon Well
05:24 Tree of Ages
05:49 Ancient Protector
06:10 Moon Well
07:57 Ancient of Lore
08:23 Ancient of Wind
10:05 Moon Well
12:21 Moon Well
12:26 Moon Well
13:45 Tree of Eternity
20:09 Tree of Life
20:12 Tree of Life
22:15 Ancient Protector
team 2 (loser)

»
BocaBrazil (
teal | 69 APM | 2016 actions | 29:18)
7 Death Knight
3 Death Coil
1 Unholy Aura
2 Death Pact
1 Animate Dead
4 Pit Lord
1 Howl of Terror
1 Rain of Fire
2 Cleaving Attack
1 Lich
1 Frost Armor
» actions
| Assign group hotkey | 35 | |
| Basic commands | 1 | |
| Build / train | 78 | |
| Enter build submenu | 24 | |
| Enter hero's abilities submenu | 13 | |
| Right click | 776 | |
| Select / deselect | 311 | |
| Select group hotkey | 697 | |
| Use ability | 81 | |
2016 total
» units
| Acolyte | 8 | |
| Ghoul | 7 | |
| Crypt Fiend | 12 | |
| Frost Wyrm | 8 | |
| Obsidian Statue | 1 | |
| Abomination | 2 | |
38 total
» upgrades
| Creature Attack | 3 | |
| Web | 1 | |
| Creature Carapace | 3 | |
| Freezing Breath | 1 | |
| Destroyer Form | 1 | |
| Unholy Strength | 1 | |
| Unholy Armor | 1 | |
11 total
» buildings
| Graveyard | 1 | |
| Crypt | 1 | |
| Altar of Darkness | 1 | |
| Ziggurat | 9 | |
| Tomb of Relics | 2 | |
| Halls of the Dead | 1 | |
| Necropolis | 1 | |
| Black Citadel | 1 | |
| Sacrificial Pit | 2 | |
| Boneyard | 5 | |
| Spirit Tower | 1 | |
25 total
» build order
00:22 Graveyard
00:27 Crypt
00:44 Altar of Darkness
01:00 Ziggurat
01:14 Tomb of Relics
02:03 Ziggurat
04:13 Halls of the Dead
04:29 Ziggurat
05:23 Necropolis
06:39 Black Citadel
07:20 Ziggurat
08:22 Sacrificial Pit
09:40 Boneyard
10:03 Boneyard
10:22 Boneyard
10:29 Ziggurat
10:32 Ziggurat
10:47 Spirit Tower
10:55 Tomb of Relics
11:46 Ziggurat
17:11 Sacrificial Pit
20:29 Boneyard
20:33 Boneyard
21:39 Ziggurat
21:41 Ziggurat
» items
| Rod of Necromancy | 1 | |
| Healing Salve | 1 | |
| Scroll of Town Portal | 5 | |
| Orb of Corruption | 1 | |
| Potion of Lesser Invulnerability | 1 | |
| Scroll of Protection | 1 | |
| Potion of Healing | 1 | |
11 total

»
YesWeCan (
green | 100 APM | 1641 actions | 16:22)
3 Death Knight
2 Death Coil
1 Unholy Aura
1 Lich
1 Frost Nova
» actions
| Assign group hotkey | 32 | |
| Basic commands | 12 | |
| Build / train | 55 | |
| Enter build submenu | 17 | |
| Enter hero's abilities submenu | 4 | |
| Give item / drop item | 1 | |
| Remove unit from queue | 2 | |
| Right click | 689 | |
| Select / deselect | 217 | |
| Select group hotkey | 543 | |
| Use ability | 69 | |
1641 total
» units
| Acolyte | 7 | |
| Ghoul | 3 | |
| Crypt Fiend | 10 | |
| Obsidian Statue | 2 | |
| Abomination | 4 | |
26 total
» upgrades
| Disease Cloud | 1 | |
| Web | 1 | |
| Unholy Armor | 1 | |
| Creature Attack | 1 | |
4 total
» buildings
| Graveyard | 1 | |
| Crypt | 2 | |
| Altar of Darkness | 1 | |
| Ziggurat | 7 | |
| Tomb of Relics | 1 | |
| Nerubian Tower | 2 | |
| Necropolis | 1 | |
| Halls of the Dead | 1 | |
| Black Citadel | 1 | |
| Slaughterhouse | 2 | |
| Spirit Tower | 2 | |
21 total
» build order
00:31 Graveyard
00:36 Crypt
00:41 Crypt
00:53 Altar of Darkness
01:02 Ziggurat
01:18 Tomb of Relics
02:02 Ziggurat
02:12 Nerubian Tower
04:33 Necropolis
04:37 Ziggurat
04:59 Halls of the Dead
05:57 Nerubian Tower
05:59 Ziggurat
07:24 Black Citadel
07:51 Slaughterhouse
08:34 Slaughterhouse
11:47 Ziggurat
11:48 Ziggurat
11:51 Ziggurat
12:11 Spirit Tower
12:14 Spirit Tower
» items
| Rod of Necromancy | 2 | |
| Sacrificial Skull | 2 | |
| Lesser Clarity Potion | 1 | |
| Staff of Preservation | 1 | |
| Dust of Appearance | 1 | |
| Potion of Lesser Invulnerability | 2 | |
| Scroll of Town Portal | 1 | |
10 total
NatureBoyFlair (
yellow | 68 APM | 2019 actions | 29:43)
8 Blademaster
3 Wind Walk
3 Critical Strike
1 Bladestorm
1 Mirror Image
» actions
| Assign group hotkey | 27 | |
| Basic commands | 250 | |
| Build / train | 87 | |
| Enter build submenu | 30 | |
| Enter hero's abilities submenu | 8 | |
| Give item / drop item | 7 | |
| Remove unit from queue | 1 | |
| Right click | 936 | |
| Select / deselect | 351 | |
| Select group hotkey | 158 | |
| Use ability | 163 | |
2019 total
» units
| Peon | 13 | |
| Grunt | 6 | |
| Goblin Shredder | 1 | |
| Goblin Zeppelin | 2 | |
| Troll Batrider | 12 | |
| Green Dragon | 1 | |
35 total
» upgrades
| Armor | 3 | |
| Reinforced Defenses | 1 | |
| Ranged Weapons | 3 | |
| Troll Regeneration | 1 | |
| Liquid Fire | 1 | |
9 total
» buildings
| Orc Burrow | 6 | |
| Altar of Storms | 1 | |
| Barracks | 1 | |
| Voodoo Lounge | 2 | |
| War Mill | 3 | |
| Great Hall | 2 | |
| Stronghold | 1 | |
| Watch Tower | 11 | |
| Fortress | 1 | |
| Beastiary | 4 | |
32 total
» build order
00:13 Orc Burrow
01:06 Altar of Storms
01:10 Barracks
01:12 Orc Burrow
01:40 Voodoo Lounge
02:42 War Mill
03:57 Great Hall
04:21 Stronghold
04:48 Watch Tower
04:54 Watch Tower
05:21 Watch Tower
05:25 Watch Tower
06:01 Watch Tower
06:21 Watch Tower
07:03 Voodoo Lounge
07:11 Orc Burrow
08:59 Fortress
09:04 Watch Tower
09:04 Watch Tower
11:09 Beastiary
11:09 Beastiary
11:10 Beastiary
11:51 Beastiary
15:10 War Mill
15:13 Watch Tower
15:15 Watch Tower
15:19 Watch Tower
17:09 Orc Burrow
17:12 Orc Burrow
17:13 Orc Burrow
23:08 War Mill
25:33 Great Hall
» items
| Healing Salve | 6 | |
| Scroll of Town Portal | 6 | |
| Lesser Clarity Potion | 5 | |
| Potion of Healing | 5 | |
| Periapt of Vitality | 1 | |
| Staff of Teleportation | 1 | |
| Boots of Speed | 1 | |
| Potion of Lesser Invulnerability | 1 | |
| Potion of Mana | 4 | |
| Orb of Lightning | 1 | |
31 total
BATSHI.TCRAZY (
pink | 32 APM | 940 actions | 29:18)
6 Warden
2 Shadow Strike
3 Fan of Knives
1 Spirit of Vengeance
» actions
| Basic commands | 6 | |
| Build / train | 66 | |
| Enter build submenu | 11 | |
| Enter hero's abilities submenu | 6 | |
| Give item / drop item | 1 | |
| Remove unit from queue | 1 | |
| Right click | 484 | |
| Select / deselect | 276 | |
| Use ability | 89 | |
940 total
» units
» upgrades
| Improved Bows | 1 | |
| Strength of the Moon | 3 | |
| Marksmanship | 1 | |
| Moon Armor | 3 | |
| Ultravision | 1 | |
| Well Spring | 1 | |
10 total
» buildings
| Ancient of War | 2 | |
| Altar of Elders | 1 | |
| Moon Well | 6 | |
| Tree of Ages | 1 | |
| Hunter's Hall | 1 | |
| Ancient of Wonders | 1 | |
| Tree of Eternity | 1 | |
13 total
» build order
00:43 Ancient of War
00:45 Altar of Elders
00:54 Moon Well
01:58 Ancient of War
02:03 Moon Well
02:41 Moon Well
03:26 Moon Well
04:38 Tree of Ages
05:56 Hunter's Hall
06:00 Ancient of Wonders
08:23 Tree of Eternity
18:55 Moon Well
19:48 Moon Well
» items
| Boots of Speed | 1 | |
| Circlet of Nobility | 2 | |
| Potion of Healing | 1 | |
| Dust of Appearance | 1 | |
| Periapt of Vitality | 1 | |
| Scroll of Town Portal | 1 | |
7 total
Chat log
(07:07 / Allies) YesWeCan: b
(07:49 / Allies) YesWeCan: wood?
(09:47 / Allies) BATSHI.TCRAZY: gg
(09:51 / Allies) YesWeCan: no
(09:55 / Allies) BATSHI.TCRAZY: ya
(10:23 / Allies) BATSHI.TCRAZY: everyone else just creepin
(10:24 / Allies) YesWeCan: 100 wood
(10:25 / Allies) YesWeCan: plz
(10:29 / Allies) BATSHI.TCRAZY: fukin off
(12:23 / Allies) YesWeCan: meet
(12:27 / Allies) YesWeCan: pink
(12:28 / Allies) YesWeCan: come
(12:29 / Allies) NatureBoyFlair: hit bottom
(12:33 / Allies) YesWeCan: come
(12:33 / Allies) YesWeCan: no
(12:34 / Allies) YesWeCan: 4v1
(12:35 / Allies) YesWeCan: come
(12:44 / Allies) YesWeCan: come
(12:56 / Allies) YesWeCan: lol
(12:59 / Allies) YesWeCan: -_-
(13:07 / Allies) YesWeCan: b
(13:07 / Allies) YesWeCan: b
(13:17 / Allies) YesWeCan: omg
(13:21 / Allies) NatureBoyFlair: b
(13:29 / Allies) NatureBoyFlair: b
(13:57 / Allies) YesWeCan: gj teal
(16:29 / Allies) NatureBoyFlair: lawl
(16:33 / Allies) NatureBoyFlair: had to have it his way
(16:33 / All) MightierThanYou: retarded ud noob lol
(16:35 / Allies) NatureBoyFlair: fucking retard
(24:16 / Allies) BATSHI.TCRAZY: y u ass
(25:14 / All) MightierThanYou: gg
(25:15 / All) MightierThanYou: leave
(27:13 / Allies) BATSHI.TCRAZY: fuku
(27:15 / Allies) BATSHI.TCRAZY: pos
(28:54 / All) MightierThanYou: You lose
(28:55 / All) MightierThanYou: leave
(28:59 / All) MightierThanYou: 1v4 easy scrubs
(29:09 / All) NatureBoyFlair: NATURE BOY
(29:12 / All) NatureBoyFlair: WOOOOOOOOOOOOOOOOOOOOOOOOOOOOOOOO
(29:18 / All) NatureBoyFlair: MY SWORD IS SOLID GOLD PLATED